 Dungeon Crawl Stone Soup version 0.31-a0-256-g80acddb972 (webtiles) character file.

Game seed: 14197621979270482433

2690 GordonOverkill the Thaumaturge (level 9, -1/57 HPs)
             Began as a Mummy Necromancer on July 13, 2023.
             Was a Believer of Cheibriados.
             Slain by a gnoll
             ... wielding a +0 spear
             ... led by a gnoll sergeant
              (4 damage)
             ... on level 7 of the Dungeon.
             The game lasted 00:30:26 (8339 turns).

GordonOverkill the Thaumaturge (Mummy Necromancer)  Turns: 8339, Time: 00:30:26

Health: -1/57      AC:  7    Str: 15    XL:     9   Next: 38%
Magic:  8/22       EV: 12    Int: 23    God:    Cheibriados [**....]
Gold:   1601       SH:  0    Dex: 16    Spells: 4/26 levels left

rFire   x . .        h - +2 hammer of Bireor {drain, +Blink rC+ Will+}
rCold   + + .        (no shield)
rNeg    + + +        o - +0 robe {Will+}
rPois   ∞            (no helmet)
rElec   .            y - +0 cloak
rCorr   .            (no gloves)
SInv    .            (no boots)
Will    +++..        (no amulet)
Stlth   ++           b - ring of wizardry
HPRegen 0.29/turn    g - +4 ring of protection
MPRegen 0.18/turn

%: faith, wizardry (x1)
@: animating dead, studying Maces & Flails, very slow
A: cold resistance 1, negative energy resistance 3, torment resistance 2, heat
vulnerability 1, in touch with death 1, no potions, faith
a: Renounce Religion, Evoke Blink, Bend Time


You were on level 7 of the Dungeon.
You worshipped Cheibriados.
Cheibriados was pleased with you.
You visited 2 branches of the dungeon, and saw 9 of its levels.
You also visited: Sewer.

You collected 1746 gold pieces.
You spent 145 gold pieces at shops.

Inventory:

Hand Weapons
 e - a +0 short sword of venom
 h - the +2 hammer of Bireor (weapon) {drain, +Blink rC+ Will+}
   (You found it on level 6 of the Dungeon)

   rC:        It protects you from cold.
   +Blink:    It lets you blink.
   Will:      It increases your willpower.
 i - a +3 spear of pain
 k - a +3 dagger of protection
 q - a +1 dagger of electrocution
Armour
 o - a +0 robe of willpower (worn)
 y - a +0 cloak (worn)
 z - an orb of energy
Jewellery
 b - a ring of wizardry (left hand)
 f - a ring of resist corrosion
 g - a +4 ring of protection (right hand)
 p - a ring of protection from fire
 x - a ring of fire
Wands
 j - a wand of flame (22)
 s - a wand of paralysis (7)
 u - a wand of digging (5)
Scrolls
 a - a scroll of enchant weapon
 c - 5 scrolls of immolation
 d - a scroll of revelation
 l - 2 scrolls of fog
 n - a scroll of vulnerability
 r - 2 scrolls of summoning {unknown}
 v - a scroll of identify


   Skills:
 - Level 2.0 Short Blades
 + Level 2.1 Maces & Flails
 - Level 1.5 Dodging
 - Level 1.5 Stealth
 + Level 9.0 Spellcasting
 + Level 8.2 Necromancy
 + Level 3.4 Ice Magic
 + Level 3.6 Invocations
 + Level 2.8 Evocations


You had 4 spell levels left.
You knew the following spells:

 Your Spells              Type           Power      Damage    Failure   Level
a - Necrotise             Necr           100%       1d9       1%          1
b - Vampiric Draining     Necr           64%        2d10      1%          3
c - Animate Dead          Necr           64%        N/A       1%          4
d - Agony                 Necr           64%        N/A       2%          5
e - Simulacrum            Ice/Necr       27%        N/A       32%         6
f - Ozocubu's Armour      Ice            26%        N/A       1%          3

Your spell library contained the following spells:

 Spells                   Type           Power      Damage    Failure   Level
 Sting                    Tmut/Pois      40%        1d5       2%          1
 Lesser Beckoning         Tloc           20%        N/A       4%          2
 Poisonous Vapours        Pois/Air       20%        N/A       4%          2
 Static Discharge         Conj/Air       20%        2-3/arc   4%          2
 Gell's Gravitas          Tloc           10%        N/A       8%          3
 Inner Flame              Hex/Fire       10%        N/A       8%          3
 Teleport Other           Tloc           10%        N/A       8%          3
 Volatile Blastmotes      Fire/Tloc      20%        2d11      8%          3
 Airstrike                Air            5%         2d(1-17)  24%         4
 Cause Fear               Hex            5%         N/A       24%         4
 Fulminant Prism          Conj/Hex       5%         3d7       24%         4
 Iskenderun's Mystic Bla  Conj/Tloc      10%        2d4       24%         4
 Olgreb's Toxic Radiance  Pois           10%        N/A       24%         4
 Summon Lightning Spire   Summ/Air       10%        N/A       24%         4
 Metabolic Englaciation   Hex/Ice        9%         N/A       32%         5
 Fireball                 Conj/Fire      5%         3d5       52%         5
 Yara's Violent Unravell  Hex/Tmut       5%         3d4       52%         5
 Enfeeble                 Hex            5%         N/A       100%        7
 Dragon's Call            Summ           5%         N/A       100%        9


Dungeon Overview and Level Annotations

Branches:
Dungeon (8/15)             Temple (1/1) D:5           Sewer (visited)
   Lair: D:8-11

Altars:
Ashenzari
Cheibriados
Dithmenos
Gozag
Hepliaklqana
Kikubaaqudgha
Makhleb
Nemelex Xobeh
Okawaru
Qazlal
Ru
Sif Muna
Trog
Vehumet
Wu Jian
Xom
Yredelemnul

Shops:
D:6 *

Annotations:
D:2 Robin
D:7 Prince Ribbit
Temple 2 transporters


Innate Abilities, Weirdness & Mutations

You are immune to poison.
Your flesh is cold resistant. (rC+)
You are immune to negative energy. (rN+++)
You are immune to unholy pain and torment.
You are vulnerable to heat. (rF-)
You are in touch with the powers of death.
You do not drink.
You have a special connection with the divine. (Faith)


Message History

* * * LOW HITPOINT WARNING * * *
Casting: Vampiric Draining (safe; 1% risk of failure)
Confirm with . or Enter, or press ? or * to list all spells.
Aiming: Vampiric Draining (safe; 1% risk of failure)
Press: ? - help, Shift-Dir - straight line, f/p - gnoll
Aim: a gnoll, wielding a +0 club (severely wounded)
You feel a surge of power!
You draw life force from the gnoll!
You kill the gnoll!
Cheibriados thoroughly appreciates the change of pace.
You feel life coursing into your body. The gnoll barely misses you.
The gnoll sergeant misses you.
As you read the scroll labelled JYOPSE GABBIPP, it crumbles to dust.
It is a scroll of enchant weapon.
Your +2 dagger of protection glows red for a moment.
The gnoll closely misses you. The gnoll sergeant barely misses you.
The gnoll closely misses you.
Your gnoll zombie hits the gnoll sergeant.
The gnoll sergeant hits your gnoll zombie with a +0 spear!
Your gnoll zombie barely misses the gnoll sergeant.
The gnoll hits you from afar with a +0 spear.
* * * LOW HITPOINT WARNING * * *
Your gnoll zombie hits the gnoll.
The gnoll barely misses something.
As you read the scroll labelled QOOLAH ZYSI, it dissolves into smoke.
It was a scroll of fog.
The gnoll closely misses you.
Okay, then.
The gnoll hits you from afar with a +0 spear.
* * * LOW HITPOINT WARNING * * *
As you read the scroll labelled UNADDE EMYIMP, it crumbles to dust.
It is a scroll of amnesia.
Really abort (and waste the scroll)? [Y]es or [N]o only, please.
Really abort (and waste the scroll)? [Y]es or [N]o only, please.
Really abort (and waste the scroll)? [Y]es or [N]o only, please.
Really abort (and waste the scroll)?
Okay, then.
The gnoll hits you from afar with a +0 spear.
You die...

#.# #.######## #.#§§Yo.<#
#.#§###### #.#@# ####### #.#§#
#.....# #######.#g##### #.....#
#######>......§§§...# #.....#
#...........#.###.#Z# #.....#
#...........#.# #gg.###.....#
#...........#.####..........#
#...........#.........##'#####
#######.....########..#......###


You could see a gnoll.

Vanquished Creatures
  A two-headed ogre (D:6)
  Menkaure (D:6)
  An orc warrior (D:7)
  A black bear (D:6)
  2 sky beasts (D:7)
  2 centaurs
  2 ogres
  A phantom (D:6)
  5 scorpions
  A gnoll sergeant (D:7)
  2 howler monkeys
  3 hounds
  Crazy Yiuf (D:6)
  2 jellies (D:6)
  3 iguanas
  6 orc wizards
  13 adders
  5 gnolls (D:7)
  A river rat (D:3)
  A shadow imp (D:5)
  2 white imps
  2 ufetubi (D:6)
  5 worms
  3 dart slugs
  14 orcs
  7 ball pythons
  An endoplasm (D:2)
  2 giant cockroaches
  16 goblins
  10 hobgoblins
  10 jackals
  7 kobolds
  6 quokkas
  9 bats
  12 frilled lizards
  6 rats
166 creatures vanquished.

Vanquished Creatures (collateral kills)
  An ufetubus (D:5)
  2 orcs (D:5)
  An endoplasm (D:1)
  A goblin (D:1)
  A hobgoblin (D:1)
  A ball python (D:3)
  2 bats (D:1)
  2 rats (D:1)
11 creatures vanquished.

Vanquished Creatures (others)
  A sky beast zombie (D:7)
  2 gnoll zombies (D:7)
  2 jelly zombies (D:6)
  A goblin (D:1)
  2 orc zombies
8 creatures vanquished.

Grand Total: 185 creatures vanquished

Notes
Turn   | Place    | Note
-------+----------+-------------------------------------------
     0 | D:1      | GordonOverkill the Mummy Necromancer began the quest for
                  | the Orb.
     0 | D:1      | Reached XP level 1. HP: 13/13 MP: 4/4
   162 | D:1      | Reached skill level 3 in Spellcasting
   204 | D:1      | Reached XP level 2. HP: 19/19 MP: 3/6
  1248 | D:2      | Gained mutation: You are in touch with the powers of death.
                  | [Mummy growth]
  1248 | D:2      | Reached XP level 3. HP: 24/24 MP: 5/8
  1303 | D:2      | Identified the scarf of the Lizard {harm, Str+4}
  1827 | D:2      | Noticed Robin
  1829 | D:2      | Reached skill level 1 in Short Blades
  1829 | D:2      | Reached skill level 4 in Spellcasting
  1844 | D:2      | Reached XP level 4. HP: 30/30 MP: 0/10
  2175 | D:2      | You fall into a shaft and drop 2 floors!
  2328 | D:3      | Learned a level 3 spell: Vampiric Draining
  2333 | D:3      | Learned a level 4 spell: Animate Dead
  2452 | D:3      | Found a glowing drain.
  2461 | Sewer    | Entered a sewer
  2585 | Sewer    | Reached skill level 5 in Necromancy
  2618 | Sewer    | Reached XP level 5. HP: 35/35 MP: 7/11
  4197 | D:4      | Reached skill level 5 in Spellcasting
  4201 | D:4      | Noticed an ogre
  4209 | D:4      | Killed an ogre
  4210 | D:4      | Reached XP level 6. HP: 41/41 MP: 0/14
  4336 | D:4      | Reached skill level 6 in Spellcasting
  4530 | D:4      | Reached XP level 7. HP: 44/46 MP: 5/16
  4824 | D:5      | Entered Level 5 of the Dungeon
  4988 | D:5      | Reached skill level 7 in Spellcasting
  5081 | D:5      | Learned a level 5 spell: Agony
  5088 | D:5      | Learned a level 6 spell: Simulacrum
  5230 | D:5      | Found a staircase to the Ecumenical Temple.
  5290 | Temple   | Entered the Ecumenical Temple
  5290 | Temple   | Found a transporter.
  5290 | Temple   | Found a transporter.
  5292 | Temple   | Found a transporter.
  5292 | Temple   | Found a transporter.
  5314 | Temple   | Became a worshipper of Cheibriados the Contemplative
  5613 | D:5      | Reached skill level 1 in Ice Magic
  5744 | D:5      | Reached skill level 1 in Invocations
  5744 | D:5      | Reached XP level 8. HP: 40/52 MP: 8/19
  6032 | D:5      | Reached * piety under Cheibriados
  6235 | D:6      | Learned a level 3 spell: Ozocubu's Armour
  6283 | D:6      | Noticed Menkaure
  6290 | D:6      | Killed Menkaure
  6356 | D:6      | Found a sparkling altar of Nemelex Xobeh.
  6404 | D:6      | Reached skill level 1 in Evocations
  6474 | D:6      | Found Poto's Assorted Antiques.
  6485 | D:6      | Bought a scroll labelled JYOPSE GABBIPP for 29 gold pieces
  6485 | D:6      | Bought a scroll of identify for 58 gold pieces
  6485 | D:6      | Bought a scroll of identify for 58 gold pieces
  6485 | D:6      | Identified a scroll of acquirement
  6486 | D:6      | Acquired 1295 gold pieces
  6565 | D:6      | Reached skill level 8 in Spellcasting
  6649 | D:6      | Noticed a two-headed ogre
  6662 | D:6      | Killed a two-headed ogre
  6663 | D:6      | Reached XP level 9. HP: 5/57 MP: 9/21
  6995 | D:6      | Identified the +2 hammer of Bireor {drain, +Blink rC+
                  | Will+}
  7006 | D:6      | Found a runed translucent door.
  7007 | D:6      | Noticed Crazy Yiuf
  7014 | D:6      | Killed Crazy Yiuf
  7376 | D:7      | Noticed Prince Ribbit
  7515 | D:7      | Reached skill level 1 in Maces & Flails
  7829 | D:7      | Reached ** piety under Cheibriados
  8098 | D:7      | Reached skill level 9 in Spellcasting
  8339 | D:7      | Slain by a gnoll

Illustrated notes

Levels and vault maps discovered:
D:1:      ebering_trefoil_3fold, layout_loops_corners, lemuel_flame_loot_1
D:2:      minmay_door_path, layout_loops_corners,
          chequers_serial_rivers_small_3, grunt_decor_mini_mirrors, uniq_robin
D:3:      layout_loops_corners, cheibrodos_sewer_entry_sluice,
          minmay_misc_feat_encased
D:4:      layout_rooms
D:5:      layout_basic, temple_green, minmay_manual_macuahuitl
D:6:      layout_basic, mainiacjoe_overflow_brackets, serial_shops, shop,
          kennysheep_donut, uniq_menkaure, uniq_crazy_yiuf_cottage
D:7:      layout_basic, uniq_prince_ribbit1
D:8:      layout_loops_ring, nzn_life_drinkers
Temple:   hellmonk_temple_divided_pantheon

Skill      XL: |  1  2  3  4  5  6  7  8  9 |
---------------+----------------------------+-----
Spellcasting   | 3 4 5 6 7 8 9 |  9.0
Short Blades   | 1 2 |  2.0
Necromancy     | 5 6 7 8 |  8.2
Ice Magic      | 1 3 |  3.4
Invocations    | 1 3 |  3.6
Evocations     | 2 |  2.8
Maces & Flails | 2 |  2.1
Dodging        | |  1.5
Stealth        | |  1.5

Action                     |  1- 3 |  4- 6 |  7- 9 || total
---------------------------+-------+-------+-------++-------
  Melee: Unarmed           |    32 |       |       ||    32
         Punch             |     1 |       |     1 ||     2
         Short sword       |     1 |       |       ||     1
         Dagger            |       |     1 |   134 ||   135
         Mace              |       |       |    12 ||    12
   Cast: Necrotise         |    75 |   139 |   108 ||   322
         Vampiric Draining |       |     3 |    27 ||    30
         Animate Dead      |       |       |     9 ||     9
         Ozocubu's Armour  |       |       |     3 ||     3
         Agony             |       |       |     2 ||     2
 Invoke: Bend Time         |       |       |     1 ||     1
  Evoke: Wand              |       |       |     7 ||     7
    Use: Scroll            |     1 |     6 |    14 ||    21
   Stab: Paralysed         |       |       |     2 ||     2
 Armour: Robe              |    12 |    20 |    98 ||   130
  Dodge: Dodged            |    52 |    33 |   137 ||   222

Table legend: (Time is in decaauts)
 A = Elapsed time spent in this place.
 B = Non-inter-level travel time spent in this place.
 C = Inter-level travel time spent in this place.
 D = Time resting spent in this place.
 E = Time spent auto-exploring this place.
 F = Levels seen in this place.
 G = Mean time per level.
                   A        B        C        D        E       F      G
               +--------+--------+--------+--------+--------+-----+--------+
         Total |   8978 |   8646 |    332 |   1196 |   5123 |  10 |  897.8 |
       Dungeon |   8534 |   8214 |    320 |   1170 |   4975 |   8 | 1066.8 |
        Temple |     46 |     35 |     11 |      0 |      0 |   1 |   46.0 |
         Sewer |    398 |    398 |      0 |     26 |    147 |   1 |  398.0 |
               +--------+--------+--------+--------+--------+-----+--------+

Top non-repeatable levels by time:
     D:2: 1583 daAuts
     D:5: 1504 daAuts
     D:6: 1384 daAuts
     D:1: 1216 daAuts
     D:7: 1143 daAuts
     D:3: 1050 daAuts
     D:4: 649 daAuts
   Sewer: 398 daAuts
  Temple: 46 daAuts
     D:8: 1 daAuts
